 Dungeon Crawl Stone Soup version 0.30-a0-305-g026cb31310 (webtiles) character file.

Game seed: 8774831455419504656

495 McGhostyFace the Basher (level 7, -6/76 HPs)
             Began as a Gnoll Wanderer on Oct 24, 2022.
             Was an Initiate of Ru.
             Mangled by a gnoll
             ... wielding a +0 halberd
              (9 damage)
             ... on level 5 of the Dungeon.
             The game lasted 00:07:01 (3776 turns).

McGhostyFace the Basher (Gnoll Wanderer)            Turns: 3776, Time: 00:07:01

Health: -6/76      AC: 23    Str: 12    XL:     7   Next: 15%
Magic:  10/10      EV:  2    Int:  9    God:    Ru [......]
Gold:   185        SH:  0    Dex: 15    Spells: 10/10 levels left

rFire   . . .      SeeInvis .    h - +0 great mace
rCold   . . .      Faith    .    (shield currently unavailable)
rNeg    . . .      Spirit   .    (body armour currently unavailable)
rPois   +          Reflect  .    (helmet currently unavailable)
rElec   .          Harm     .    (cloak currently unavailable)
rCorr   .          Rampage  .    (gloves currently unavailable)
Will    .....      NoTele   +    (boots currently unavailable)
Stlth   +++.......               g - amulet of the acrobat
HPRegen 0.32/turn                A - ring of wizardry
MPRegen 0.12/turn                (no ring)

@: tree-form
A: stationary, stasis, torment immunity, boosted hp, (fangs 1), strong nose,
distributed training
a: Renounce Religion


You were on level 5 of the Dungeon.
You worshipped Ru.
Ru was noncommittal.
You were a tree.
You visited 1 branch of the dungeon, and saw 5 of its levels.

You collected 185 gold pieces.

Inventory:

Hand Weapons
 a - a +2 mace
 h - a +0 great mace (weapon)
 w - a +0 halberd of venom
Armour
 c - a +0 pair of gloves (melded)
 e - a +0 leather armour (melded)
 n - a +0 helmet (melded)
 t - a +1 pair of boots (melded)
Jewellery
 g - an amulet of the acrobat (around neck)
 A - a ring of wizardry (left branch)
Wands
 o - a wand of flame (11)
Scrolls
 b - a scroll of butterflies
 f - a scroll of summoning {unknown}
 i - 4 scrolls of teleportation {unknown}
 j - a scroll of noise {unknown}
 m - a scroll of immolation {unknown}
 p - a scroll of amnesia {unknown}
 q - 2 scrolls of identify {unknown}
 r - a scroll of torment {unknown}
 v - a scroll of poison {unknown}
 x - a scroll of magic mapping {unknown}
 y - a scroll of blinking {unknown}
 z - a scroll of enchant armour {unknown}
Potions
 k - a potion of brilliance {unknown}
 l - 2 potions of heal wounds {unknown}
 s - 2 potions of resistance {unknown}
 u - a potion of flight {unknown}
 B - a potion of haste {unknown}


   Skills:
 + Level 2.4 Fighting
 + Level 2.4 Short Blades
 + Level 2.4 Long Blades
 + Level 2.4 Axes
 + Level 10.7 Maces & Flails
 + Level 2.4 Polearms
 + Level 2.4 Staves
 + Level 2.4 Ranged Weapons
 + Level 2.4 Throwing
 + Level 2.4 Armour
 + Level 2.4 Dodging
 + Level 4.8 Stealth
 + Level 2.4 Shields
 + Level 7.0 Unarmed Combat
 + Level 2.4 Spellcasting
 + Level 2.0 Conjurations
 + Level 2.0 Hexes
 + Level 2.0 Summonings
 + Level 2.0 Necromancy
 + Level 2.0 Translocations
 + Level 2.0 Transmutations
 + Level 2.0 Fire Magic
 + Level 2.0 Ice Magic
 + Level 2.0 Air Magic
 + Level 2.0 Earth Magic
 + Level 2.0 Poison Magic
 + Level 2.6 Invocations
 + Level 2.4 Evocations


You had 10 spell levels left.
You didn't know any spells.
Your spell library contained the following spells:

 Spells                   Type           Power      Damage    Failure   Level
 Summon Guardian Golem    Hex/Summ       4%         N/A       16%         3
 Tukima's Dance           Hex            4%         N/A       16%         3
 Passage of Golubria      Tloc           4%         N/A       45%         4
 Yara's Violent Unravell  Hex/Tmut       2%         3d3       80%         5
 Orb of Destruction       Conj           2%         9d5       100%        7
 Spellforged Servitor     Conj/Summ      2%         N/A       100%        7


Dungeon Overview and Level Annotations

Branches:
Dungeon (5/15)
 Temple: D:4-7

Altars:
Hepliaklqana
Ru


Innate Abilities, Weirdness & Mutations

You are a tree.
Your roots penetrate the ground, keeping you stationary.
You cannot be teleported.
You are immune to unholy pain and torment.
Your maximum health is greatly increased.
Your equipment is partially melded.
((You have very sharp teeth.))
Your uncanny sense of smell can sniff out nearby items.
Your experience applies equally to all skills.


Message History

The gnoll closely misses you. The gnoll hits you with a +0 halberd.
The gnoll barely misses you.
You closely miss the gnoll.
The gnoll is lightly wounded.
The gnoll hits you with a +0 spear. The gnoll closely misses you.
The gnoll barely misses you.
You sock the gnoll!
You kill the gnoll!
The gnoll hits you with a +0 halberd! The gnoll misses you.
The gnoll barely misses you.
Your Conjurations skill increases to level 2!
Your Hexes skill increases to level 2!
Your Summonings skill increases to level 2!
Your Necromancy skill increases to level 2!
Your Translocations skill increases to level 2!
Your Transmutations skill increases to level 2!
Your Fire Magic skill increases to level 2!
Your Ice Magic skill increases to level 2!
Your Air Magic skill increases to level 2!
Your Earth Magic skill increases to level 2!
Your Poison Magic skill increases to level 2!
You barely miss the gnoll.
The gnoll hits you from afar with a +0 halberd!
The gnoll closely misses you.
The gnoll hits you from afar with a +0 halberd.
* * * LOW HITPOINT WARNING * * *
You closely miss the gnoll. The gnoll closely misses you.
The gnoll hits you from afar with a +0 halberd!
* * * LOW HITPOINT WARNING * * *
Really quaff the potion of lignification?
You turn into a tree.
Your +0 helmet melds into your body.
Your +0 pair of gloves melds into your body.
Your +1 pair of boots melds into your body.
Your +0 leather armour melds into your body.
Your roots penetrate the ground.
The gnoll completely misses you. The gnoll hits you but does no damage.
You hit the gnoll.
The gnoll is moderately wounded.
The gnoll hits you with a +0 halberd!
You die...

...#### #....###
##...#.# #...<..##
##......# #.......#
#.....### ##...<..#
#....♣).## ♣
##..g....#♣♣♣~♣♣~
#...g...~P~~~~~~
##.......P~~~♣~~♣
#.......~♣P~~~♣
.##..#...♣~~~P~~P≈≈
.....#.).P♣P~~~~~≈≈
..#......~P~P~P~~~≈
..##......~P~~~P~P~


You could see 2 gnolls.

Vanquished Creatures
  Blork the orc (D:4)
  A scorpion (D:4)
  A hound (D:4)
  An orc priest (D:4)
  A jelly (D:4)
  An iguana (D:4)
  10 gnolls
  5 adders (D:3)
  3 dart slugs
  17 orcs
  11 bats
  8 endoplasms
  2 giant cockroaches
  5 goblins
  8 hobgoblins
  8 jackals
  4 kobolds
  3 quokkas (D:3)
  4 ball pythons
  4 frilled lizards
  2 rats
100 creatures vanquished.

Notes
Turn   | Place    | Note
-------+----------+-------------------------------------------
     0 | D:1      | Reached skill level 10 in Maces & Flails
     0 | D:1      | McGhostyFace the Gnoll Wanderer began the quest for the
                  | Orb.
     0 | D:1      | McGhostyFace set off with the following items: a +2 mace, a
                  | scroll of butterflies, a +0 pair of gloves, a potion of
                  | lignification, a +0 leather armour.
     0 | D:1      | Reached XP level 1. HP: 13/13 MP: 1/1
   116 | D:1      | Reached XP level 2. HP: 19/19 MP: 2/2
   652 | D:1      | Reached XP level 3. HP: 25/25 MP: 3/3
  1152 | D:2      | Reached skill level 1 in Invocations
  1751 | D:3      | Reached skill level 1 in Fighting
  1751 | D:3      | Reached skill level 1 in Short Blades
  1751 | D:3      | Reached skill level 1 in Long Blades
  1751 | D:3      | Reached skill level 1 in Axes
  1751 | D:3      | Reached skill level 1 in Polearms
  1751 | D:3      | Reached skill level 1 in Staves
  1751 | D:3      | Reached skill level 1 in Ranged Weapons
  1751 | D:3      | Reached skill level 1 in Throwing
  1751 | D:3      | Reached skill level 1 in Armour
  1751 | D:3      | Reached skill level 1 in Dodging
  1751 | D:3      | Reached skill level 1 in Shields
  1751 | D:3      | Reached skill level 1 in Spellcasting
  1751 | D:3      | Reached skill level 1 in Evocations
  1753 | D:3      | Reached XP level 4. HP: 32/32 MP: 5/5
  1785 | D:3      | Reached skill level 1 in Conjurations
  1785 | D:3      | Reached skill level 1 in Hexes
  1785 | D:3      | Reached skill level 1 in Summonings
  1785 | D:3      | Reached skill level 1 in Necromancy
  1785 | D:3      | Reached skill level 1 in Translocations
  1785 | D:3      | Reached skill level 1 in Transmutations
  1785 | D:3      | Reached skill level 1 in Fire Magic
  1785 | D:3      | Reached skill level 1 in Ice Magic
  1785 | D:3      | Reached skill level 1 in Air Magic
  1785 | D:3      | Reached skill level 1 in Earth Magic
  1785 | D:3      | Reached skill level 1 in Poison Magic
  2010 | D:3      | Reached XP level 5. HP: 33/37 MP: 7/7
  2581 | D:3      | Found a sacrificial altar of Ru.
  2593 | D:3      | Became a worshipper of Ru the Awakened
  2892 | D:4      | Reached XP level 6. HP: 38/44 MP: 8/8
  2993 | D:4      | Noticed Blork the orc
  3001 | D:4      | Killed Blork the orc
  3166 | D:4      | Found a hazy altar of Hepliaklqana.
  3481 | D:4      | Reached XP level 7. HP: 37/50 MP: 10/10
  3737 | D:5      | Entered Level 5 of the Dungeon
  3774 | D:5      | HP: 1/51 [gnoll/+0 halberd (13)]
  3776 | D:5      | Mangled by a gnoll

Illustrated notes

Levels and vault maps discovered:
D:1:      amcnicky_arrival_single_pillar, layout_basic
D:2:      layout_basic
D:3:      layout_loops_ring, nicolae_ru_sacrificial_ziggurat
D:4:      layout_loops_ring, mainiacjoe_overflow_paths, uniq_blork_the_orc
D:5:      minmay_chambers_of_threes, layout_cave_pools,
          mainiacjoe_overflow_alcove_4, zin_scriptorium,
          minmay_temple_entry_junction, serial_bayou, serial_bayou_lake_a,
          serial_bayou_shore_a, serial_bayou_ford_a, serial_bayou_pond_c,
          minmay_misc_feat_rugged, uniq_eustachio

Skill      XL: |  1  2  3  4  5  6  7 |
---------------+----------------------+-----
Maces & Flails | | 10.7
Invocations    | 1 2 |  2.6
Fighting       | 1 2 |  2.4
Short Blades   | 1 2 |  2.4
Long Blades    | 1 2 |  2.4
Axes           | 1 2 |  2.4
Polearms       | 1 2 |  2.4
Staves         | 1 2 |  2.4
Ranged Weapons | 1 2 |  2.4
Throwing       | 1 2 |  2.4
Armour         | 1 2 |  2.4
Dodging        | 1 2 |  2.4
Shields        | 1 2 |  2.4
Spellcasting   | 1 2 |  2.4
Evocations     | 1 2 |  2.4
Conjurations   | 1 2 |  2.0
Hexes          | 1 2 |  2.0
Summonings     | 1 2 |  2.0
Necromancy     | 1 2 |  2.0
Translocations | 1 2 |  2.0
Transmutations | 1 2 |  2.0
Fire Magic     | 1 2 |  2.0
Ice Magic      | 1 2 |  2.0
Air Magic      | 1 2 |  2.0
Earth Magic    | 1 2 |  2.0
Poison Magic   | 1 2 |  2.0
Unarmed Combat | 7 |  7.0
Stealth        | |  4.8

Action                   |  1- 3 |  4- 6 |  7- 9 || total
-------------------------+-------+-------+-------++-------
Melee: Mace              |    37 |       |       ||    37
       Great mace        |    48 |   184 |    14 ||   246
       Bite              |     4 |    18 |     2 ||    24
  Use: Potion            |       |     2 |     1 ||     3
 Stab: Sleeping          |    10 |     8 |       ||    18
Armor: Leather armour    |    37 |    75 |     2 ||   114
       Skin              |       |       |     1 ||     1
Dodge: Dodged            |    60 |   130 |    19 ||   209

Table legend: (Time is in decaauts)
 A = Elapsed time spent in this place.
 B = Non-inter-level travel time spent in this place.
 C = Inter-level travel time spent in this place.
 D = Time resting spent in this place.
 E = Time spent auto-exploring this place.
 F = Levels seen in this place.
 G = Mean time per level.
                   A        B        C        D        E       F      G
               +--------+--------+--------+--------+--------+-----+--------+
         Total |   3813 |   3630 |    183 |    516 |   2290 |   5 |  762.6 |
       Dungeon |   3813 |   3630 |    183 |    516 |   2290 |   5 |  762.6 |
               +--------+--------+--------+--------+--------+-----+--------+

Top non-repeatable levels by time:
     D:3: 1130 daAuts
     D:1: 1057 daAuts
     D:4: 896 daAuts
     D:2: 688 daAuts
     D:5: 41 daAuts
